 Dungeon Crawl Stone Soup version 0.19-a0-1720-gc855d72 (webtiles) character file.

11531 kae the Carver (level 12, -7/97 HPs)
             Began as a Formicid Fighter on Sept 29, 2016.
             Was an Elder of Makhleb.
             Mangled by a black mamba (14 damage)
             ... on level 3 of the Lair of Beasts.
             The game lasted 00:20:31 (16019 turns).

kae the Carver (Formicid Fighter)                  Turns: 16019, Time: 00:20:32

Health: -7/97      AC:  7    Str: 26    XL:     12   Next: 8%
Magic:  17/17      EV:  8    Int:  8    God:    Makhleb [****..]
Gold:   428        SH: 11    Dex: 10    Spells: 0 memorised, 11 levels left

rFire  + . .     SeeInvis +     a - +2 great sword (holy)
rCold  + . .     Gourm    .     j - +0 ring mail
rNeg   . . .     Faith    .     c - +1 shield
rPois  .         Spirit   .     (helmet unavailable)
rElec  .         Dismiss  .     l - +0 cloak
rCorr  .         Reflect  .     (no gloves)
MR     +....     Harm     .     (no boots)
Stlth  ..........               (no amulet)
                                E - ring of protection from fire
                                e - ring of protection from cold

@: lethally poisoned (-7 -> -41)
A: permanent stasis, dig shafts and tunnels, four strong arms, antennae 3
a: Dig, Shaft Self, Minor Destruction, Lesser Servant of Makhleb, Major
Destruction, Renounce Religion


You were on level 3 of the Lair of Beasts.
You worshipped Makhleb.
Makhleb was greatly pleased with you.
You were very hungry.

You visited 2 branches of the dungeon, and saw 12 of its levels.
You also visited: Ossuary.

You collected 675 gold pieces.
You spent 247 gold pieces at shops.

Inventory:

Hand Weapons
 a - a +2 great sword of holy wrath (weapon)
 b - a +2 falchion of flaming
 J - a +0 long sword
Armour
 c - a +1 shield (worn)
 j - a +0 ring mail (worn)
 l - a +0 cloak (worn)
Jewellery
 e - a ring of protection from cold (left hand)
 q - a +5 ring of intelligence
 E - a ring of protection from fire (right hand)
Wands
 v - a wand of polymorph (21/24)
 A - a wand of flame (36/48)
 K - a wand of paralysis (8/24)
 M - a wand of acid (7/15)
Scrolls
 h - 2 scrolls of magic mapping
 k - 7 scrolls of identify
 m - 3 scrolls of amnesia
 p - 2 scrolls of recharging
 w - 2 scrolls of remove curse
 C - a scroll of noise
 F - a scroll of enchant armour
Potions
 d - a potion of might
 g - a potion of cure mutation
 i - a potion of magic
 n - 2 potions of brilliance
 u - 5 potions of curing
 x - 3 potions of cancellation
 B - a potion of agility
 G - 4 potions of lignification
 I - 2 potions of heal wounds
 O - a potion of flight
Books
 y - a book of Transfigurations

   Spells                             Type                      Level
   a - Irradiate                      Conjuration/Transmutation    5
   b - Statue Form                    Transmutation/Earth          6
   c - Hydra Form                     Transmutation                6
   d - Dragon Form                    Transmutation                7
 z - a book of Misfortune

   Spells                             Type                      Level
   a - Confusing Touch                Hexes                        1
   b - Confuse                        Hexes                        3
   c - Gell's Gravitas                Hexes/Translocation          3
   d - Petrify                        Transmutation/Earth          4
   e - Metabolic Englaciation         Hexes/Ice                    5
   f - Yara's Violent Unravelling     Hexes/Transmutation          5
 D - a book of Death

   Spells                             Type                      Level
   a - Corpse Rot                     Necromancy                   2
   b - Sublimation of Blood           Necromancy                   2
   c - Agony                          Necromancy                   5
   d - Dispel Undead                  Necromancy                   5
   e - Excruciating Wounds            Charms/Necromancy            5
   f - Bolt of Draining               Conjuration/Necromancy       5
 L - a book of the Earth

   Spells                             Type                      Level
   a - Leda's Liquefaction            Hexes/Earth                  4
   b - Bolt of Magma                  Conjuration/Fire/Earth       5
   c - Statue Form                    Transmutation/Earth          6
   d - Iron Shot                      Conjuration/Earth            6
   e - Shatter                        Earth                        9
Comestibles
 f - 5 bread rations
 o - 6 slices of pizza
 r - 13 fruits
 s - a royal jelly
 t - 7 meat rations
 H - 5 beef jerkies


   Skills:
 - Level 10.2 Fighting
 * Level 14.5 Long Blades
 - Level 3.2 Armour
 - Level 3.6 Shields
 + Level 7.0 Invocations


You had 11 spell levels left.
You didn't know any spells.

Dungeon Overview and Level Annotations

Branches:
Dungeon (9/15)             Temple (0/1) D:6            Lair (3/6) D:8
 Shoals (0/4) Lair:2          Orc (0/2) D:9
  Snake: Lair:2-4    Spider: Lair:2-4

Altars:
Ashenzari
Cheibriados
Elyvilon
Fedhas
Gozag
Hepliaklqana
Kikubaaqudgha
Makhleb
Okawaru
Ru
Sif Muna
Trog
Uskayaw
Vehumet
Xom
Yredelemnul
Zin
The Shining One

Shops:
D:7 !


Innate Abilities, Weirdness & Mutations

You are under a permanent stasis effect.
You can dig through walls and to a lower floor.
Your four strong arms can wield two-handed weapons with a shield.
You have a pair of large antennae on your head. (SInv)


Message History

The black mamba bites you but does no damage.
You block the black mamba's attack.
You are too injured to fight recklessly!
You are too injured to fight recklessly!
You are too injured to fight recklessly!
You are too injured to fight recklessly!
Press: ? - help, Shift-Dir - straight line, f - black mamba
Aim: a black mamba (severely wounded)
The zap misses the black mamba.
You feel sick. The black mamba bites you!
* * * LOW HITPOINT WARNING * * *
You are more poisoned.
The black mamba poisons you! You block the black mamba's attack.
Press: ? - help, Shift-Dir - straight line, f/p - black mamba
Aim: a black mamba (severely wounded)
The zap hits the black mamba.
The black mamba is almost dead.
* * * LOW HITPOINT WARNING * * *
You feel very sick. You block the black mamba's attack.
The black mamba bites you!
You die...

#......######.##.
#####.## ##
.####...#
....P...####
...........####
#..>.....!....#
#.............##
...............#
........@†......#
........S........
...........?.....
...............P
...............#
..............#
.............##
#.<...........


You could see a black mamba.

Vanquished Creatures
  Harold (Lair:2)
  A hydra (D:8)
  A siren (Lair:2)
  Joseph (D:7)
  A torpor snail (Lair:2)
  A komodo dragon (Lair:3)
  2 spiny frogs
  The ghost of Amnesiac the Covert, a novice DEEn (Ossuary)
  2 dream sheep (D:8)
  5 hippogriffs
  12 yaks
  A basilisk (Lair:1)
  A steam dragon (D:7)
  A hungry ghost (D:8)
  2 water moccasins
  3 porcupines
  An ice beast (D:9)
  A phantom (D:8)
  3 orc warriors
  A sky beast (D:8)
  3 black bears
  3 centaurs
  An ogre (D:8)
  3 crocodiles (Lair:2)
  3 big kobolds (D:8)
  4 bullfrogs
  2 scorpions
  10 killer bees
  3 wights (D:8)
  A howler monkey (D:7)
  A centaur zombie (D:9)
  3 crimson imps
  A quasit (D:7)
  A bullfrog skeleton (D:8)
  2 hounds (D:4)
  A bullfrog zombie (D:4)
  5 orc priests
  A gnoll shaman (D:5)
  9 orc wizards
  Ijyb (D:3)
  2 iguanas
  9 worker ants
  2 hound zombies
  A hound skeleton (D:4)
  3 mummies (Ossuary)
  3 gnolls (D:5)
  8 adders
  43 river rats
  2 shadow imps
  A white imp (D:6)
  An ooze (D:2)
  2 adder skeletons (D:4)
  2 adder zombies (Ossuary)
  6 dart slugs
  6 worms
  3 leopard geckos
  38 orcs
  21 bats
  4 giant cockroaches
  2 gnoll zombies (Ossuary)
  3 goblins (D:1)
  7 hobgoblins
  13 jackals
  3 quokkas
  6 frilled lizards
  2 goblin zombies (Ossuary)
  8 hobgoblin zombies
  7 kobolds
  A kobold skeleton (D:6)
  5 kobold zombies
  A leopard gecko skeleton (D:4)
  2 leopard gecko zombies (D:8)
  2 orc skeletons (D:6)
  2 orc zombies
  2 quokka zombies (Ossuary)
  19 rats
  2 rat zombies (Ossuary)
  A bush (D:1)
345 creatures vanquished.

Vanquished Creatures (others)
  A quokka (D:6)
  A hobgoblin zombie (Ossuary)
  16 fungi
  12 plants
30 creatures vanquished.

Grand Total: 375 creatures vanquished

Notes
Turn   | Place    | Note
-------+----------+-------------------------------------------
     0 | D:1      | kae the Formicid Fighter began the quest for the Orb.
     0 | D:1      | Reached XP level 1. HP: 18/18 MP: 1/1
   169 | D:1      | Reached XP level 2. HP: 23/24 MP: 2/2
   601 | D:1      | Reached XP level 3. HP: 30/30 MP: 3/3
   820 | D:2      | Reached skill level 3 in Long Blades
  1136 | D:2      | Found a radiant altar of Vehumet.
  1198 | D:2      | Reached XP level 4. HP: 30/37 MP: 4/4
  1828 | D:2      | Found a deep blue altar of Sif Muna.
  2266 | D:3      | Reached XP level 5. HP: 34/43 MP: 5/5
  2282 | D:3      | Reached skill level 4 in Long Blades
  2568 | D:3      | Found a hazy altar of Hepliaklqana.
  2570 | D:3      | Noticed Ijyb
  2583 | D:3      | Killed Ijyb
  2842 | D:4      | Reached XP level 6. HP: 16/50 MP: 6/6
  2848 | D:4      | Reached skill level 5 in Fighting
  2848 | D:4      | Reached skill level 5 in Long Blades
  3078 | D:4      | You fall through a shaft for 2 floors!
  3078 | D:6      | Found a sand-covered staircase.
  3078 | D:6      | Found an iron altar of Okawaru.
  3078 | D:6      | Noticed an orc warrior
  3096 | D:6      | Reached XP level 7. HP: 52/56 MP: 7/7
  3105 | D:6      | Reached skill level 6 in Long Blades
  3231 | Ossuary  | Entered an ossuary
  3368 | Ossuary  | Noticed Amnesiac's ghost (novice DEEn)
  3424 | Ossuary  | Killed Amnesiac's ghost
  3424 | Ossuary  | Reached skill level 7 in Long Blades
  3424 | Ossuary  | Reached XP level 8. HP: 41/65 MP: 8/8
  3669 | D:6      | Found a shimmering altar of Xom.
  3674 | D:5      | Entered Level 5 of the Dungeon
  4721 | D:4      | Reached skill level 8 in Long Blades
  5142 | D:4      | Found a hide-covered altar of Uskayaw.
  5653 | D:5      | Found an opulent altar of Gozag.
  5894 | D:5      | Found an opulent altar of Gozag.
  5896 | D:5      | Found a burning altar of Makhleb.
  5896 | D:5      | Found a blossoming altar of Fedhas.
  5930 | D:5      | Became a worshipper of Makhleb the Destroyer
  5954 | D:5      | Reached XP level 9. HP: 54/72 MP: 9/9
  6159 | D:5      | Found a glowing silver altar of Zin.
  6160 | D:5      | Found a shattered altar of Ashenzari.
  6454 | D:6      | Found a shimmering altar of Xom.
  6456 | D:6      | Found a shimmering altar of Xom.
  6457 | D:6      | Found a shimmering altar of Xom.
  6471 | D:6      | You fall through a shaft for 2 floors!
  6488 | D:8      | Reached skill level 9 in Long Blades
  6513 | D:8      | Reached * piety under Makhleb
  6952 | D:6      | Found a glowing golden altar of the Shining One.
  7009 | D:6      | Found a white marble altar of Elyvilon.
  7166 | D:6      | Found a staircase to the Ecumenical Temple.
  7377 | D:6      | Found a bloodstained altar of Trog.
  7520 | D:7      | Found Bituw's Distillery.
  7532 | D:7      | Bought 2 potions of degeneration for 26 gold pieces
  7532 | D:7      | Bought a potion of lignification for 39 gold pieces
  7532 | D:7      | Bought a potion of lignification for 39 gold pieces
  7532 | D:7      | Bought a potion of lignification for 39 gold pieces
  7532 | D:7      | Bought a potion of curing for 39 gold pieces
  7532 | D:7      | Bought a potion of heal wounds for 65 gold pieces
  7545 | D:7      | Reached ** piety under Makhleb
  7778 | D:7      | Reached skill level 10 in Long Blades
  7946 | D:7      | Noticed Joseph
  7962 | D:7      | Killed Joseph
  8347 | D:7      | Found an ancient bone altar of Kikubaaqudgha.
  8803 | D:8      | Reached XP level 10. HP: 76/83 MP: 10/10
  9109 | D:8      | Found a snail-covered altar of Cheibriados.
  9566 | D:8      | Reached skill level 11 in Long Blades
  9718 | D:8      | Found a basalt altar of Yredelemnul.
 10446 | D:8      | Noticed a three-headed hydra
 10455 | D:8      | Killed a one-headed hydra
 10455 | D:8      | Reached skill level 10 in Fighting
 10455 | D:8      | Reached skill level 12 in Long Blades
 10596 | D:8      | Found a staircase to the Lair.
 10835 | D:9      | Reached skill level 1 in Invocations
 11240 | D:9      | Reached XP level 11. HP: 85/91 MP: 12/12
 11436 | D:9      | Reached *** piety under Makhleb
 11601 | D:9      | Found a sacrificial altar of Ru.
 12005 | D:9      | Found a staircase to the Orcish Mines.
 12238 | Lair:1   | Entered Level 1 of the Lair of Beasts
 12863 | Lair:1   | Reached skill level 13 in Long Blades
 14266 | Lair:2   | Reached skill level 5 in Invocations
 14534 | Lair:2   | Found a deep blue altar of Sif Muna.
 14555 | Lair:2   | Reached **** piety under Makhleb
 14992 | Lair:2   | Reached skill level 14 in Long Blades
 15013 | Lair:2   | Noticed Harold
 15032 | Lair:2   | Killed Harold
 15297 | Lair:2   | Found a staircase to the Shoals.
 15299 | Lair:2   | Noticed a siren
 15347 | Lair:2   | Killed a siren
 15703 | Lair:3   | Identified a scroll of acquirement
 15745 | Lair:3   | Reached XP level 12. HP: 97/97 MP: 17/17
 16019 | Lair:3   | Mangled by a black mamba

Vault maps used:
D:1:      ncdulo_wetmaze, minmay_hedge_maze
D:2:      marbit_many_paths, minivault_26, roderic_roman_lattice,
          kennysheep_small_spiral, led_sif_pool
D:3:      lemuel_crystal_altar, uniq_iyjb
D:4:      eat_drink_and_be_merry_uskayaw, first_bread
D:5:      grunt_temple_overflow_open, grunt_temple_overflow_diamond,
          grunt_gozag_statues
D:6:      xom_redecorated, overflow_temple_1_default,
          nicolae_tso_besieged_by_evil, elyvilon_altar_4, enter_ossuary_1,
          basic_altar, st_stairs_9, trog_book
D:7:      lemuel_crystal_altar, serial_shops, nicolae_shop_behind_doors,
          uniq_joseph
D:8:      yredelemnul_altar_generic, lemuel_crystal_altar,
          grunt_lair_entry_orc_guard_hut, hangedman_ranch
D:9:      hiddenorc1_lemuel, nicolae_ru_path_of_blood
Lair:2:   minmay_shoals_entry_lonely_mermaid, basic_altar, uniq_harold
Lair:3:   grunt_megastairs_3
Ossuary:  ossuary_minmay_chase

Skill      XL: |  1  2  3  4  5  6  7  8  9 10 11 12 |
---------------+-------------------------------------+-----
Fighting       | 4 5 6 7 9 10 | 10.2
Long Blades    | 3 4 5 7 8 10 12 14 | 14.5
Invocations    | 1 6 7 |  7.0
Armour         | |  3.2
Shields        | |  3.6

Action                   |  1- 3 |  4- 6 |  7- 9 | 10-12 || total
-------------------------+-------+-------+-------+-------++-------
Melee: Long sword        |   185 |   187 |   616 |   170 ||  1158
       Falchion          |       |       |       |   554 ||   554
       Great sword       |       |       |       |    28 ||    28
Invok: Minor Destruction |       |       |       |     5 ||     5
 Abil: Dig               |       |     2 |     4 |    15 ||    21
       Shaft Self        |       |     1 |       |       ||     1
  Use: Potion            |       |     7 |     7 |     2 ||    16
       Scroll            |       |       |    12 |     4 ||    16
  Eat: Chunk             |     1 |     7 |    18 |    19 ||    45
       Bread ration      |       |       |     2 |       ||     2
       Pizza             |       |       |       |     1 ||     1
       Fruit             |       |       |       |     5 ||     5
Armor: Scale mail        |    11 |       |       |       ||    11
       Ring mail         |    36 |    95 |   248 |   124 ||   503
       Skin              |       |       |     8 |    12 ||    20
Dodge: Dodged            |    33 |    72 |   183 |   157 ||   445
Block: Shield            |    70 |    97 |   317 |   226 ||   710
